 Dungeon Crawl Stone Soup version 0.30-a0-782-ge64f9170bb (webtiles) character file.

Game seed: 4972449147624961767

133 mopl the Insei (level 5, -1/37 HPs)
             Began as a Djinni Transmuter on Feb 27, 2023.
             Slain by a white imp (3 damage)
             ... on level 3 of the Dungeon.
             The game lasted 00:03:00 (2157 turns).

mopl the Insei (Djinni Transmuter)                  Turns: 2157, Time: 00:03:00

Health: -1/37      AC:  4    Str: 11    XL:     5   Next: 40%
Gold:   80         EV: 12    Int: 15    God:
                   SH:  0    Dex: 13

rFire   + + .      SeeInvis .      - Unarmed
rCold   x . .      Faith    .    (no shield)
rNeg    . . .      Spirit   .    j - +1 animal skin
rPois   ∞          Reflect  .    (helmet currently unavailable)
rElec   .          Harm     .    i - +0 cloak
rCorr   .          Rampage  .    (no gloves)
Will    .....                    (boots unavailable)
Stlth   +                        (no amulet)
HPRegen 0.26/turn                (no ring)
MPRegen 0.00/turn                (no ring)

@: appendages, flying
A: horns 2, flying, sickness immunity, fire resistance 2, cold vulnerability 1,
float, innate caster, HP casting, extra vitality 1
a: End Transformation


You were on level 3 of the Dungeon.
You had temporarily grown beastly horns.
You visited 1 branch of the dungeon, and saw 3 of its levels.

You collected 80 gold pieces.

Inventory:

Missiles
 c - 4 poisoned darts
Armour
 h - a +0 helmet (melded)
 i - a +0 cloak (worn)
 j - a +1 animal skin (worn)
Magical Staves
 k - a staff of conjuration
Wands
 m - a wand of paralysis (8)
Scrolls
 f - 2 scrolls of identify {unknown}
 g - a scroll of teleportation {unknown}
 l - a scroll of enchant armour {unknown}
Potions
 a - a potion of brilliance {unknown}
 b - a potion of lignification {!q}
 d - 2 potions of flight {unknown}
 e - 2 potions of curing {unknown}


   Skills:
 - Level 1.0 Fighting
 - Level 2.1 Dodging
 * Level 5.0 Unarmed Combat
 + Level 2.5 Spellcasting


You couldn't memorise any spells.
You knew the following spells:

 Your Spells              Type           Power      Damage    Failure   Level
a - Beastly Appendage     Tmut           18%        N/A       8%          1
b - Spider Form           Tmut/Pois      9%         N/A       22%         3
c - Slow                  Hex            36%        N/A       8%          1
d - Ice Form              Ice/Tmut       9%         N/A       58%         4
e - Ensorcelled Hibernat  Hex/Ice        18%        N/A       11%         2
w - Wereblood             Tmut           9%         N/A       11%         2
Your spell library was empty.

Dungeon Overview and Level Annotations

Branches:
Dungeon (3/15)

Altars:


Innate Abilities, Weirdness & Mutations

You have temporarily grown beastly horns.
You are flying.
You are immune to sickness and miasma.
You are immune to poison.
Your flesh is very heat resistant. (rF++)
You are vulnerable to cold. (rC-)
You float through the air rather than walking.
You learn spells naturally, not from books.
Your magical power is your life essence.
You have superior vitality. (+4 MHP)


Message History

A goblin comes into view. It is wielding a +0 club.
The goblin shouts!
A goblin is nearby!
You hit the goblin but do no damage. The goblin closely misses you.
You barely miss the goblin. The goblin closely misses you.
You hit the goblin but do no damage. The goblin hits you but does no damage.
You hit the goblin.
The goblin is heavily wounded.
The goblin closely misses you.
You closely miss the goblin.
The goblin is moderately wounded.
The goblin hits you but does no damage.
You hit the goblin.
You kill the goblin!
No target in view!
A white imp comes into view.
The white imp shouts!
You barely miss the white imp. The white imp completely misses you.
You barely miss the white imp. The white imp gestures at you.
The puff of frost hits you!
You feel a terrible chill!
You closely miss the white imp. You punch the white imp.
The white imp is lightly wounded.
The white imp barely misses you.
You hit the white imp but do no damage. You punch the white imp.
The white imp is lightly wounded.
You grow a pair of large bovine horns.
Your +0 helmet melds into your body.
The white imp gestures at you. The puff of frost hits you!
You feel a terrible chill!
You barely miss the white imp.
The white imp is lightly wounded.
The white imp gestures at you. The puff of frost hits you!
You feel a terrible chill!
* * * LOW HITPOINT WARNING * * *
You barely miss the white imp.
The white imp is lightly wounded.
The white imp hits you.
* * * LOW HITPOINT WARNING * * *
The white imp freezes you.
You feel a terrible chill!
You die...

#.....####.#.......
#.....+....#.........
#.....####.#........
#....>...#.#)......
#........#.........
#.......###..##
#.####..# ..#
#.##....###..##...
#.##.#....@5..'...
#.##.......#.##...
#.######.....# #.#
#.$...# #.### #.....##
#...# ##+##..# .#
###.## #.##).# ..
#....### .....# .####
#......#####..#####....


You could see a white imp.

Vanquished Creatures
  Terence (D:2)
  Robin (D:2)
  2 adders (D:2)
  4 worms
  An endoplasm (D:1)
  4 giant cockroaches
  5 hobgoblins
  6 jackals (D:1)
  5 quokkas
  7 ball pythons
  4 bats
  14 goblins
  6 kobolds
  7 rats
67 creatures vanquished.

Notes
Turn   | Place    | Note
-------+----------+-------------------------------------------
     0 | D:1      | mopl the Djinni Transmuter began the quest for the Orb.
     0 | D:1      | mopl set off with the following spells memorised: Beastly
                  | Appendage, Wereblood, Spider Form, Ice Form.
     0 | D:1      | Reached XP level 1. HP: 17/17 MP: 0/0
    45 | D:1      | Reached XP level 2. HP: 16/22 MP: 0/0
   546 | D:1      | Reached XP level 3. HP: 24/27 MP: 0/0
   546 | D:1      | Learned a level 1 spell: Slow
   610 | D:1      | Reached skill level 2 in Spellcasting
   691 | D:1      | Found a faded altar of an unknown god.
   941 | D:2      | Reached skill level 4 in Unarmed Combat
  1025 | D:2      | Reached XP level 4. HP: 18/32 MP: 0/0
  1285 | D:2      | Noticed Robin
  1322 | D:2      | Killed Robin
  1563 | D:2      | Reached XP level 5. HP: 32/37 MP: 0/0
  1563 | D:2      | Learned a level 2 spell: Ensorcelled Hibernation
  1789 | D:2      | Noticed Terence
  1794 | D:2      | Killed Terence
  1977 | D:3      | Reached skill level 5 in Unarmed Combat
  2157 | D:3      | Slain by a white imp

Illustrated notes

Levels and vault maps discovered:
D:1:      heliophobic_arrival_henge, layout_loops_ring,
          ebering_ecumenical_altar_abandoned
D:2:      layout_basic, uniq_terence, uniq_robin
D:3:      layout_basic, mainiacjoe_overflow_catch_the_wave,
          nicolae_overflow_ecumenical_swirl, dk_noncrumbling_4

Skill      XL: |  1  2  3  4  5 |
---------------+----------------+-----
Spellcasting   | 2 |  2.5
Unarmed Combat | 4 5 |  5.0
Fighting       | |  1.0
Dodging        | |  2.1

Action                     |  1- 3 |  4- 6 || total
---------------------------+-------+-------++-------
  Melee: Unarmed           |   114 |   110 ||   224
         Headbutt          |    15 |    12 ||    27
         Punch             |     2 |     4 ||     6
   Cast: Beastly Appendage |    19 |    10 ||    29
         Wereblood         |       |     1 ||     1
         Spider Form       |       |     1 ||     1
 Armour: Robe              |    24 |     8 ||    32
         Animal skin       |       |    14 ||    14
  Dodge: Dodged            |   107 |    49 ||   156

Table legend: (Time is in decaauts)
 A = Elapsed time spent in this place.
 B = Non-inter-level travel time spent in this place.
 C = Inter-level travel time spent in this place.
 D = Time resting spent in this place.
 E = Time spent auto-exploring this place.
 F = Levels seen in this place.
 G = Mean time per level.
                   A        B        C        D        E       F      G
               +--------+--------+--------+--------+--------+-----+--------+
         Total |   2139 |   2069 |     70 |    181 |   1396 |   3 |  713.0 |
       Dungeon |   2139 |   2069 |     70 |    181 |   1396 |   3 |  713.0 |
               +--------+--------+--------+--------+--------+-----+--------+

Top non-repeatable levels by time:
     D:2: 1048 daAuts
     D:1: 878 daAuts
     D:3: 212 daAuts
